cohdb
Replays
Latest Replays
All Replays
Popular Replays
Top Player Replays
Match Explorer
How It Works
Community
CoH3 Stats
Reddit
Sign in to upload your games and track your stats! →
Sign in with Steam
Reakly vs Jesulin
Match 24122129
Overview
Messages
Build Orders
End
Engineer Squad
Selects Armored Battlegroup
Selects Assault Engineers
Assault Engineer Squad
Assault Engineer Squad
Assault Engineer Squad
Mechanized Support Center
Construct Weapon Support Center
M16 Multiple Gun Motor Carriage
Selects Fast Deploy
Construct Medical Station
Bazooka Squad
Bazooka Squad
Selects Seek and Destroy
Sniper
Construct Tank Depot
Selects UNKNOWN (2160077)
M4A3E8 Sherman Easy Eight
Selects Field Repairs
Selects War Machine
Bazooka Squad
M4A3E8 Sherman Easy Eight
Field Repairs
M4A3E8 Sherman Easy Eight
Bazooka Squad
Bazooka Squad
Reakly
Jesulin
0
0
Comments
sign in to comment!
No comments posted yet!